 Dungeon Crawl Stone Soup version 0.28-a0-595-g9f6c0e134a (webtiles) character file.

Game seed: 7055931340814397652

47 meatgazer the Skirmisher (level 3, -4/30 HPs)
             Began as a Demonspawn Abyssal Knight on Oct 4, 2021.
             Was a Follower of Lugonu.
             Slain by a worm (8 damage)
             ... on level 2 of the Dungeon.
             The game lasted 00:01:37 (1198 turns).

meatgazer the Skirmisher (DsAK)                     Turns: 1198, Time: 00:01:37

Health: -4/30      AC:  4    Str: 14    XL:     3   Next: 48%
Magic:  5/5        EV: 11    Int: 11    God:    Lugonu [*.....]
Gold:   57         SH:  4    Dex: 13    Spells: 2/2 levels left

rFire   . . .      SeeInvis .   a - +1 falchion
rCold   . . .      Faith    .   (no shield)
rNeg    . . .      Spirit   .   b - +1 leather armour
rPois   .          Reflect  .   (no helmet)
rElec   .          Harm     .   (no cloak)
rCorr   .          Rampage  .   (no gloves)
Will    .....                   (no boots)
Stlth   +.........              (no amulet)
HPRegen 0.10/turn               (no ring)
MPRegen 0.09/turn               (no ring)

@: flying
A: large bone plates 1
a: Renounce Religion, Depart the Abyss


You were on level 2 of the Dungeon.
You worshipped Lugonu.
Lugonu was aware of your devotion.
You visited 1 branch of the dungeon, and saw 2 of its levels.
You visited the Abyss 1 time.

You collected 57 gold pieces.

Inventory:

Hand Weapons
 a - a +1 falchion (weapon)
Armour
 b - a +1 leather armour (worn)


   Skills:
 + Level 3.8 Fighting
 + Level 2.2 Long Blades
 - Level 2.0 Armour
 - Level 1.0 Dodging
 + Level 3.0 Invocations


You had 2 spell levels left.
You didn't know any spells.
Your spell library contained the following spells:

 Spells                   Type           Power      Damage    Failure   Level
 Corpse Rot               Necr/Air       N/A        N/A       54%         2
 Poisonous Vapours        Pois/Air       0%         N/A       54%         2


Dungeon Overview and Level Annotations

Branches:
Dungeon (2/15)

Altars:

Shops:
D:1 !


Innate Abilities, Weirdness & Mutations

You are partially covered in large bone plates. (SH +4)


Message History

You are too injured to fight recklessly!
You are too injured to fight recklessly!
You are too injured to fight recklessly!
You hit the worm.
The worm is almost dead.
Your extra speed is starting to run out.
The frilled lizard bites you but does no damage.
You hit the worm.
You kill the worm!
Lugonu accepts your kill. The endoplasm hits you.
The frilled lizard misses you.
You hit the endoplasm.
The endoplasm is heavily wounded.
The endoplasm hits you but does no damage.
You block the frilled lizard's attack.
You hit the endoplasm.
You kill the endoplasm!
Lugonu accepts your kill. The frilled lizard barely misses you.
You barely miss the frilled lizard. The frilled lizard closely misses you.
You hit the worm.
The worm is moderately wounded.
You block the frilled lizard's attack.
You barely miss the worm.
The worm is moderately wounded.
You feel yourself slow down. The worm barely misses you.
You slash the worm!
The worm is almost dead.
The frilled lizard barely misses you. You block the frilled lizard's attack.
You hit the worm.
The worm is almost dead.
The worm bites you!
* * * LOW HITPOINT WARNING * * *
You block the frilled lizard's attack.
You hit the frilled lizard.
You kill the frilled lizard!
Lugonu accepts your kill. The worm bites you!
You die...

.# . ..#....
.............# .#
.)..#.#.... .#..#
..........##.#..##
#...#.#...#......
#............#.##
#.#...)w#.#.....
#.....†@..#..#
#.....††..)..#
#.#########.## #.#
#.# #.# #.# #.#
#.#######


You could see a worm.

Vanquished Creatures
  An iron imp (Abyss:2)
  A worm (D:2)
  3 ball pythons
  An endoplasm (D:2)
  A giant cockroach (D:1)
  3 goblins
  A quokka (D:1)
  2 bats
  A frilled lizard (D:2)
  2 kobolds (D:2)
  A rat (D:2)
17 creatures vanquished.

Notes
Turn   | Place    | Note
-------+----------+-------------------------------------------
     0 | Abyss:1  | meatgazer the Demonspawn Abyssal Knight began the quest for
                  | the Orb.
     0 | Abyss:1  | Reached XP level 1. HP: 18/18 MP: 2/2
    16 | Abyss:1  | Found a corrupted altar of Lugonu.
    62 | Abyss:1  | Found a corrupted altar of Lugonu.
    66 | Abyss:1  | Found a bloodstained altar of Trog.
    78 | Abyss:2  | Found a corrupted altar of Lugonu.
    84 | Abyss:2  | Noticed an iron imp
   100 | Abyss:2  | Killed an iron imp
   101 | Abyss:2  | Gained mutation: You are partially covered in large bone
                  | plates. (SH +4) [demonic ancestry]
   101 | Abyss:2  | Reached XP level 2. HP: 7/25 MP: 4/4
   101 | Abyss:2  | Noticed a starcursed mass
   104 | D:1      | Escaped the Abyss
   438 | D:1      | Reached XP level 3. HP: 30/30 MP: 5/5
   446 | D:1      | Reached skill level 1 in Dodging
   936 | D:1      | Found Veifa's Distillery.
  1021 | D:1      | Found a faded altar of an unknown god.
  1198 | D:2      | Slain by a worm

Illustrated notes

Levels and vault maps discovered:
D:1:      matt_arrival_grand_opening, layout_loops_ring, serial_shops, shop,
          hellmonk_ecumenical_altar_heavens_door, minmay_pentomino_z4
D:2:      layout_loops_ring, st_stairs_2

Skill      XL: |  1  2  3 |
---------------+----------+-----
Long Blades    | 2 |  2.2
Armour         | 2 |  2.0
Dodging        | 1 |  1.0
Invocations    | 3 |  3.0
Fighting       | |  3.8

Action                   || total
-------------------------++-------
Melee: Falchion          ||    57
  Use: Potion            ||     4
       Scroll            ||     2
Armor: Leather armour    ||    15
Dodge: Dodged            ||    35
Block: Other             ||    11

Table legend: (Time is in decaauts)
 A = Elapsed time spent in this place.
 B = Non-inter-level travel time spent in this place.
 C = Inter-level travel time spent in this place.
 D = Time resting spent in this place.
 E = Time spent auto-exploring this place.
 F = Levels seen in this place.
 G = Mean time per level.
                   A        B        C        D        E       F      G
               +--------+--------+--------+--------+--------+-----+--------+
         Total |   1203 |   1200 |      3 |    436 |    634 |   4 |  300.8 |
       Dungeon |   1096 |   1093 |      3 |    436 |    564 |   2 |  548.0 |
         Abyss |    106 |    106 |      0 |      0 |     70 |   2 |   53.0 |
               +--------+--------+--------+--------+--------+-----+--------+

Top non-repeatable levels by time:
     D:1: 1067 daAuts
 Abyss:1: 74 daAuts
 Abyss:2: 32 daAuts
     D:2: 28 daAuts
